 Dungeon Crawl Stone Soup version 0.29-a0-468-ge57f7f99b4 (webtiles) character file.

Game seed: 10962940366800735427

1551 dolemite99 the Cleaver (level 8, 0/58 HPs)
             Began as a Demonspawn Fighter on May 22, 2022.
             Was a Follower of Wu Jian.
             Killed from afar by an electric eel (4 damage)
             ... with a bolt of electricity
             ... on level 6 of the Dungeon.
             The game lasted 00:05:30 (5499 turns).

dolemite99 the Cleaver (Demonspawn Fighter)         Turns: 5499, Time: 00:05:30

Health: 0/58       AC: 15    Str: 24    XL:     8   Next: 57%
Magic:  8/8        EV:  6    Int:  9    God:    Wu Jian [*.....]
Gold:   110        SH:  4    Dex: 14    Spells: 7/7 levels left

rFire   . . .      SeeInvis .   a - +0 war axe (vorpal)
rCold   . . .      Faith    .   c - +0 buckler
rNeg    . . .      Spirit   .   w - +0 plate armour
rPois   +          Reflect  .   s - +0 helmet
rElec   .          Harm     .   u - +0 cloak
rCorr   .          Rampage  .   E - +1 pair of gloves
Will    .....                   (no boots)
Stlth   ..........              D - amulet of the acrobat
HPRegen 0.19/turn               g - ring of poison resistance
MPRegen 0.11/turn               A - +6 ring of strength

@: no status effects
A: spiny 2, demonic magic 2
a: Renounce Religion


You were on level 6 of the Dungeon.
You worshipped Wu Jian.
Wu Jian was aware of your devotion.
You visited 1 branch of the dungeon, and saw 6 of its levels.

You collected 242 gold pieces.
You spent 132 gold pieces at shops.

Inventory:

Hand Weapons
 a - a +0 vorpal war axe (weapon)
 b - a +0 dagger of venom
 e - a +1 dire flail
 h - a +0 hunting sling
 m - a +0 morningstar
 B - a +2 flail of holy wrath
Missiles
 i - 156 stones
 x - 4 boomerangs
 F - a throwing net
Armour
 c - a +0 buckler (worn)
 k - a +0 scale mail
 s - a +0 helmet (worn)
 u - a +0 cloak (worn)
 w - a +0 plate armour (worn)
 E - a +1 pair of gloves (worn)
Jewellery
 g - a ring of poison resistance (left hand)
 A - a +6 ring of strength (right hand)
 D - an amulet of the acrobat (around neck)
Scrolls
 l - a scroll of vulnerability
 o - 4 scrolls of teleportation
 v - a scroll of immolation
 y - a scroll of fear
 z - a scroll of blinking
Potions
 d - 3 potions of might
 f - 2 potions of flight
 j - 2 potions of heal wounds
 n - a potion of invisibility {unknown}
 q - 2 potions of berserk rage
 r - a potion of mutation {unknown}
 t - 4 potions of curing {unknown}
 C - a potion of degeneration {unknown}
 G - a potion of attraction {unknown}


   Skills:
 - Level 3.0 Fighting
 + Level 10.1 Axes
 - Level 2.6 Armour
 - Level 2.6 Shields


You had 7 spell levels left.
You didn't know any spells.
Your spell library contained the following spells:

 Spells                   Type           Power      Damage    Failure   Level
 Magic Dart               Conj           0%         1d3       100%        1
 Searing Ray              Conj           0%         2d4       100%        2
 Fulminant Prism          Conj/Hex       0%         3d6       100%        4


Dungeon Overview and Level Annotations

Branches:
Dungeon (6/15)
 Temple: D:4-7

Altars:
Fedhas
Kikubaaqudgha
Vehumet
Wu Jian
Zin

Shops:
D:2 :   D:6 ?

Annotations:
D:3 3 runed translucent doors, holysushi's ghost, weakling OpAr; royokou's ghost, amateur TrFi
D:4 1 runed translucent door, royokou's ghost, amateur TrWr
D:5 2 transporters, holysushi's ghost, novice OpAr


Innate Abilities, Weirdness & Mutations

You are mostly covered in sharp spines.
Spells you cast may paralyse nearby enemies.


Message History

Okay, then.
Found a stone staircase leading up.
You now have 110 gold pieces (gained 9).
You open the gate.
There is an open gate here.
As you open the gate, it creaks loudly!
An electric eel comes into view.
An electric eel is nearby!
There is an open gate here.
The electric eel shoots out a bolt of lightning at you!
The bolt of electricity hits you!
You spin and attack the electric eel.
You barely miss the electric eel.
The electric eel shoots out a bolt of lightning at you!
The bolt of electricity hits you. The bolt of electricity hits you!
The bolt of electricity hits the electric eel.
The electric eel completely resists.
You closely miss the electric eel.
The electric eel shoots out a bolt of lightning at you!
The bolt of electricity hits you! The bolt of electricity hits you.
The bolt of electricity hits the electric eel.
The electric eel completely resists.
You are too injured to fight recklessly!
You are too injured to fight recklessly!
You are too injured to fight recklessly!
You hit the electric eel.
The electric eel is heavily wounded.
The electric eel shoots out a bolt of lightning at you!
The bolt of electricity hits you!
* * * LOW HITPOINT WARNING * * *
The bolt of electricity hits you!
* * * LOW HITPOINT WARNING * * *
The bolt of electricity hits the electric eel.
The electric eel completely resists.
You closely miss the electric eel.
The electric eel is heavily wounded.
You spin and attack the electric eel.
You closely miss the electric eel.
The electric eel is heavily wounded.
The electric eel shoots out a bolt of lightning at you!
The bolt of electricity hits you.
You die...

... ..##..<#≈.≈#
###### #.#
####...#≈.≈#
[..... #.#
#..##≈.≈# #####
#.# #...#≈.≈#
#.#######.##≈.≈#
#.........##≈.≈#
##.#########≈.≈
#.'.≈≈≈≈≈≈≈≈.≈
#.'..@......≈.
#.'.≈≈S≈≈≈≈≈.≈
#.#########≈.≈
#.. ≈ ###


You could see an electric eel.

Vanquished Creatures
  A water moccasin (D:6)
  A sky beast (D:6)
  An ogre (D:6)
  A phantom (D:4)
  3 scorpions
  4 wights
  A howler monkey (D:5)
  A jelly (D:4)
  7 hounds
  An orc priest (D:6)
  A gnoll shaman (D:6)
  Natasha (thrice) (D:2)
  3 iguanas
  An orc wizard (D:6)
  5 adders
  14 gnolls
  An ufetubus (D:4)
  A worm (D:2)
  A dart slug (D:2)
  15 orcs
  9 endoplasms
  3 giant cockroaches
  6 goblins
  8 hobgoblins
  8 jackals
  10 kobolds
  2 quokkas (D:1)
  14 ball pythons
  4 bats
  7 frilled lizards
  5 rats
142 creatures vanquished.

Vanquished Creatures (others)
  A plant (D:4)
1 creature vanquished.

Grand Total: 143 creatures vanquished

Notes
Turn   | Place    | Note
-------+----------+-------------------------------------------
     0 | D:1      | dolemite99 the Demonspawn Fighter began the quest for the
                  | Orb.
     0 | D:1      | Reached XP level 1. HP: 18/18 MP: 1/1
    34 | D:1      | Reached skill level 2 in Axes
   223 | D:1      | Gained mutation: You are partially covered in sharp spines.
                  | [demonic ancestry]
   223 | D:1      | Reached XP level 2. HP: 24/24 MP: 2/2
   484 | D:1      | Reached skill level 3 in Axes
   579 | D:1      | Reached XP level 3. HP: 29/29 MP: 3/3
   939 | D:2      | Found a radiant altar of Vehumet.
   958 | D:2      | Noticed Natasha
   962 | D:2      | Killed Natasha
  1089 | D:2      | Noticed Natasha
  1094 | D:2      | Reached XP level 4. HP: 35/35 MP: 4/4
  1094 | D:2      | Killed Natasha
  1095 | D:2      | Reached skill level 4 in Axes
  1142 | D:2      | Found Ymeejelogg's Book Boutique.
  1245 | D:2      | Noticed Natasha
  1252 | D:2      | Killed Natasha
  1744 | D:2      | Reached XP level 5. HP: 33/41 MP: 5/5
  1862 | D:3      | Found a runed translucent gate.
  1862 | D:3      | Found a runed translucent gate.
  1862 | D:3      | Found a runed translucent gate.
  1867 | D:3      | Noticed royokou's ghost (amateur TrFi)
  1867 | D:3      | Noticed holysushi's ghost (weakling OpAr)
  1918 | D:3      | Reached skill level 5 in Axes
  2144 | D:3      | You fall into a shaft and drop 3 floors!
  2161 | D:6      | Found an ornate altar of the Wu Jian Council.
  2169 | D:6      | Became a worshipper of the Wu Jian Council
  2212 | D:6      | Noticed a sky beast
  2226 | D:6      | Killed a sky beast
  2227 | D:6      | Gained mutation: Spells you cast may paralyse adjacent
                  | enemies. [demonic ancestry]
  2227 | D:6      | Reached XP level 6. HP: 29/47 MP: 6/6
  2420 | D:6      | Reached skill level 6 in Axes
  2572 | D:6      | Found Potyr's Magic Scroll Emporium.
  2619 | D:6      | Bought a scroll of fear for 42 gold pieces
  2619 | D:6      | Bought a scroll of blinking for 90 gold pieces
  2622 | D:5      | Entered Level 5 of the Dungeon
  2838 | D:5      | Reached skill level 7 in Axes
  2842 | D:5      | Gained mutation: You are mostly covered in sharp spines.
                  | [demonic ancestry]
  2842 | D:5      | Reached XP level 7. HP: 49/52 MP: 7/7
  2878 | D:5      | Found a glowing drain.
  2977 | D:4      | Found a blossoming altar of Fedhas.
  3092 | D:4      | Found an ancient bone altar of Kikubaaqudgha.
  3755 | D:4      | Reached skill level 8 in Axes
  3889 | D:4      | Reached * piety under Wu Jian
  4147 | D:4      | Noticed royokou's ghost (amateur TrWr)
  4161 | D:4      | Found a runed translucent door.
  4408 | D:5      | Gained mutation: Spells you cast may paralyse nearby
                  | enemies. [demonic ancestry]
  4408 | D:5      | Reached XP level 8. HP: 58/58 MP: 8/8
  4560 | D:5      | Reached skill level 9 in Axes
  4993 | D:5      | Found a transporter.
  4998 | D:5      | Found a transporter.
  4999 | D:5      | Noticed holysushi's ghost (novice OpAr)
  5405 | D:6      | Reached skill level 10 in Axes
  5499 | D:6      | Killed from afar by an electric eel

Illustrated notes

Levels and vault maps discovered:
D:1:      lemuel_arrival_funnel, layout_loops_cross, fountainhead, minmay_cupped
D:2:      layout_basic, basic_altar, serial_shops, shop_fountains,
          minmay_pentomino_u2, uniq_natasha
D:3:      layout_loops_ring, gammafunk_ghost_cemetery
D:4:      layout_basic, mainiacjoe_overflow_chevrons, overflow_temple_1_default,
          nicolae_overflow_crystal_walls, hellmonk_ghost_happy_afterlife,
          hex_tiny
D:5:      layout_cave_pools, gammafunk_ghost_mausoleum, portal_sewer_entry_e,
          corexii_leaking_fountain, uniq_crazy_yiuf_cottage
D:6:      layout_loops_ring, nzn_wu_jian_contemplation, serial_shops,
          nicolae_stop_n_shop_1, kennysheep_cross_bottleneck, chequers_arboretum

Skill      XL: |  1  2  3  4  5  6  7  8 |
---------------+-------------------------+-----
Axes           | 2 3 4 5 7 8 10 | 10.1
Fighting       | |  3.0
Armour         | |  2.6
Shields        | |  2.6

Action                   |  1- 3 |  4- 6 |  7- 9 || total
-------------------------+-------+-------+-------++-------
Melee: War axe           |    50 |   100 |   119 ||   269
 Fire: Hunting sling     |     9 |       |       ||     9
Invok: Lunge             |       |     6 |     8 ||    14
       Whirlwind         |       |       |     8 ||     8
  Use: Potion            |       |     2 |       ||     2
       Scroll            |       |       |    11 ||    11
Armor: Scale mail        |    32 |    15 |       ||    47
       Plate armour      |       |    30 |    69 ||    99
Dodge: Dodged            |    31 |    19 |    40 ||    90
Block: Buckler           |    13 |    25 |    26 ||    64

Table legend: (Time is in decaauts)
 A = Elapsed time spent in this place.
 B = Non-inter-level travel time spent in this place.
 C = Inter-level travel time spent in this place.
 D = Time resting spent in this place.
 E = Time spent auto-exploring this place.
 F = Levels seen in this place.
 G = Mean time per level.
                   A        B        C        D        E       F      G
               +--------+--------+--------+--------+--------+-----+--------+
         Total |   5580 |   5486 |     94 |    773 |   3597 |   6 |  930.0 |
       Dungeon |   5580 |   5486 |     94 |    773 |   3597 |   6 |  930.0 |
               +--------+--------+--------+--------+--------+-----+--------+

Top non-repeatable levels by time:
     D:5: 1313 daAuts
     D:2: 1021 daAuts
     D:3: 923 daAuts
     D:1: 885 daAuts
     D:4: 727 daAuts
     D:6: 709 daAuts
